 Dungeon Crawl Stone Soup version 0.32-a0-747-gc8563f6773 (webtiles) character file.

Game seed: 5342715691079941735

270 ragingrage the Magician (level 6, -1/43 HPs)
             Began as a Djinni Artificer on Mar 17, 2024.
             Slain by a goblin
             ... wielding a +0 dagger
             ... led by Robin
              (2 damage)
             ... on level 4 of the Dungeon.
             The game lasted 00:03:01 (2488 turns).

ragingrage the Magician (Djinni Artificer)          Turns: 2488, Time: 00:03:01

Health: -1/43      AC:  5    Str: 11    XL:     6   Next: 47%
Gold:   83         EV: 10    Int: 15    God:
                   SH:  0    Dex: 13

rFire   + + .        h - +2 rapier (flame)
rCold   x . .        (no shield)
rNeg    . . .        b - +0 leather armour
rPois   ∞            (no helmet)
rElec   .            i - +0 cloak
rCorr   .            l - +0 pair of gloves
SInv    .            (boots unavailable)
Will    .....        (no amulet)
Stlth   ++           (no ring)
HPRegen 0.27/turn    (no ring)
MPRegen 0.00/turn

%: infuse magic (-2 HP)
@: flying, very slightly contaminated
A: sickness immunity, fire resistance 2, cold vulnerability 1, float, innate
caster, HP casting, extra vitality 1
a: no special abilities


You were on level 4 of the Dungeon.
You visited 1 branch of the dungeon, and saw 4 of its levels.

You collected 83 gold pieces.

Inventory:

Hand Weapons
 a - a +3 dagger
 g - a +0 dagger
 h - a +2 rapier of flaming (weapon)
Missiles
 f - 5 poisoned darts
Armour
 b - a +0 leather armour (worn)
 i - a +0 cloak (worn)
 l - a +0 pair of gloves (worn)
Wands
 c - a wand of flame (12)
 d - a wand of charming (15)
 e - a wand of iceblast (2)
Scrolls
 o - a scroll of identify {unknown}
Potions
 j - a potion of curing {unknown}
 k - a potion of brilliance
 n - a potion of attraction {unknown}


   Skills:
 - Level 2.0 Fighting
 + Level 0.2 Short Blades
 - Level 1.0 Armour
 - Level 2.1 Dodging
 - Level 2.0 Stealth
 + Level 3.9 Spellcasting
 + Level 3.9 Conjurations
 + Level 3.9 Hexes
   Level 0.0 Charms
 + Level 3.9 Summonings
 + Level 3.9 Necromancy
 + Level 3.9 Translocations
   Level 0.0 Transmutations
 + Level 3.9 Fire Magic
 + Level 3.9 Ice Magic
 + Level 3.9 Air Magic
 + Level 3.9 Earth Magic
 + Level 3.9 Alchemy
 - Level 3.0 Evocations


You knew the following spells:

 Your Spells              Type           Power      Damage    Failure   Level
a - Magic Dart            Conj           56%        1d5       4%          1
b - Momentum Strike       Conj/Tloc      28%        3d8       8%          2
Your spell library was empty.

Dungeon Overview and Level Annotations

Branches:
Dungeon (4/15)
 Temple: D:4-7

Altars:

Annotations:
D:4 exclusions: ogre and 1 more exclusion, Robin


Innate Abilities, Weirdness & Mutations

You are immune to sickness and miasma.
You are immune to poison.
Your flesh is very heat resistant. (rF++)
You are vulnerable to cold. (rC-)
You float through the air rather than walking.
You learn spells naturally, not from books.
Your magical power is your life essence.
You have superior vitality. (+4 MHP)


Message History

The goblin no longer looks unusually strong.
You hit the goblin. You burn the goblin.
You kill the goblin!
Robin barely misses you.
You see here a +0 club.
You hit Robin but do no damage.
The goblin no longer looks unusually strong.
You completely miss Robin. Robin throws the goblin at you!
The goblin hits you with a +0 club.
You completely miss Robin. The goblin hits you but does no damage.
Aiming: Magic Dart (safe; 4% risk of failure)
Press: ? - help, Q - select action, (/) - cycle Shift-Dir - straight line, f - Robin
Aim: Robin, wielding a +2 heavy spear, wearing a +0 animal skin and wearing a +0 helmet (lightly wounded, 100% to hit)
The magic dart hits Robin but does no damage.
The goblin closely misses you.
Aiming: Magic Dart (safe; 4% risk of failure)
Press: ? - help, Q - select action, (/) - cycle Shift-Dir - straight line, f/p - Robin
Aim: Robin, wielding a +2 heavy spear, wearing a +0 animal skin and wearing a +0 helmet (lightly wounded, 100% to hit)
You miscast Magic Dart.
You are very lightly contaminated with residual magic.
Nothing appears to happen.
The goblin shouts!
The goblin hits you with a +0 club. The goblin closely misses you.
Robin says, "Kneel, worm!"
Robin roars a battlecry!
The goblins go into a battle-frenzy!
You hit Robin. You burn Robin. The goblin hits you but does no damage.
The goblin completely misses you. Robin hits you with a +2 heavy spear!
Unknown command.
You hit Robin but do no damage. The goblin hits you with a +0 club.
The goblin hits you with a +0 dagger. Robin closely misses you.
You closely miss Robin.
The goblin hits you but does no damage. x2
The goblin completely misses you. The goblin hits you with a +0 dagger.
You barely miss Robin. The goblin hits you with a +0 dagger.
The goblin hits you with a +0 club. Robin hits you with a +2 heavy spear!
* * * LOW HITPOINT WARNING * * *
You closely miss Robin. The goblin hits you with a +0 club.
* * * LOW HITPOINT WARNING * * *
The goblin hits you with a +0 dagger.
You die...

##..#)......#####.#
#...<..##.........
#....#.##.#....###
##.##.........#..g.
...^....g..gg.####.
###.##.#g##.##.# ##
#g####)#####.# .
#g# #.# #.. ..
#@####.##########.
#gg..)..g..... g.
#########.##.. .. #
#.. #.#


You could see Robin, a gnoll (wandering) and 3 goblins.

Vanquished Creatures
  Sigmund (D:2)
  4 adders
  A ribbon worm (D:2)
  A dart slug (D:1)
  3 bats
  5 endoplasms
  A giant cockroach (D:1)
  11 goblins
  6 hobgoblins
  8 jackals
  3 quokkas
  6 ball pythons
  6 frilled lizards
  5 kobolds
  6 rats
67 creatures vanquished.

Notes
Turn   | Place    | Note
-------+----------+-------------------------------------------
     0 | D:1      | ragingrage the Djinni Artificer began the quest for the
                  | Orb.
     0 | D:1      | Reached XP level 1. HP: 17/17 MP: 0/0
    42 | D:1      | Reached skill level 1 in Stealth
   142 | D:1      | Reached XP level 2. HP: 22/22 MP: 0/0
   518 | D:1      | Reached XP level 3. HP: 27/28 MP: 0/0
   518 | D:1      | Learned a level 1 spell: Magic Dart
   941 | D:1      | Reached skill level 1 in Spellcasting
   941 | D:1      | Reached skill level 1 in Conjurations
   941 | D:1      | Reached skill level 1 in Hexes
   941 | D:1      | Reached skill level 1 in Summonings
   941 | D:1      | Reached skill level 1 in Necromancy
   941 | D:1      | Reached skill level 1 in Translocations
   941 | D:1      | Reached skill level 1 in Fire Magic
   941 | D:1      | Reached skill level 1 in Ice Magic
   941 | D:1      | Reached skill level 1 in Air Magic
   941 | D:1      | Reached skill level 1 in Earth Magic
   941 | D:1      | Reached skill level 1 in Alchemy
  1087 | D:2      | Reached XP level 4. HP: 29/33 MP: 0/0
  1406 | D:2      | Noticed Sigmund
  1505 | D:2      | Killed Sigmund
  1506 | D:2      | Reached XP level 5. HP: 25/38 MP: 0/0
  1506 | D:2      | Learned a level 2 spell: Momentum Strike
  1506 | D:2      | Reached XP level 6. HP: 28/43 MP: 0/0
  2260 | D:4      | Noticed Robin
  2435 | D:4      | Noticed an ogre
  2488 | D:4      | HP: 1/43 [goblin/+0 club[Robin] (5)]
  2488 | D:4      | Slain by a goblin

Illustrated notes

Levels and vault maps discovered:
D:1:      scummos_arrival_simple_fountains, layout_loops_ring, serial_rivers,
          chequers_serial_rivers_small_a, chequers_serial_rivers_marsh,
          chequers_serial_rivers_micro_c, chequers_serial_rivers_marsh,
          chequers_serial_rivers_large_b, chequers_serial_rivers_micro_d
D:2:      layout_basic, uniq_sigmund
D:3:      layout_rooms, mainiacjoe_overflow_small_starburst,
          lemuel_crystal_altar, shapermc_ecumenical_altar_ellora
D:4:      layout_basic, grunt_temple_overflow_diamond, kennysheep_small_square,
          uniq_robin

Skill      XL: |  1  2  3  4 |
---------------+-------------+-----
Stealth        | 1 2 |  2.0
Fighting       | 2 |  2.0
Spellcasting   | 1 3 |  3.9
Conjurations   | 1 3 |  3.9
Hexes          | 1 3 |  3.9
Summonings     | 1 3 |  3.9
Necromancy     | 1 3 |  3.9
Translocations | 1 3 |  3.9
Fire Magic     | 1 3 |  3.9
Ice Magic      | 1 3 |  3.9
Air Magic      | 1 3 |  3.9
Earth Magic    | 1 3 |  3.9
Alchemy        | 1 3 |  3.9
Short Blades   | |  0.2
Armour         | |  1.0
Dodging        | |  2.1
Evocations     | |  3.0

Action                     |  1- 3 |  4- 6 || total
---------------------------+-------+-------++-------
  Melee: Club              |    44 |       ||    44
         Dagger            |    12 |       ||    12
         Rapier            |    56 |    85 ||   141
   Cast: Magic Dart        |       |     4 ||     4
  Evoke: Wand              |     3 |     3 ||     6
    Use: Potion            |       |     5 ||     5
         Scroll            |       |     1 ||     1
   Stab: Sleeping          |     3 |     1 ||     4
 Armour: Leather armour    |    85 |    93 ||   178
         Skin              |       |     4 ||     4
  Dodge: Dodged            |    65 |    74 ||   139

Table legend: (Time is in decaauts)
 A = Elapsed time spent in this place.
 B = Non-inter-level travel time spent in this place.
 C = Inter-level travel time spent in this place.
 D = Time resting spent in this place.
 E = Time spent auto-exploring this place.
 F = Levels seen in this place.
 G = Mean time per level.
                   A        B        C        D        E       F      G
               +--------+--------+--------+--------+--------+-----+--------+
         Total |   2531 |   2408 |    123 |    218 |   1547 |   4 |  632.8 |
       Dungeon |   2531 |   2408 |    123 |    218 |   1547 |   4 |  632.8 |
               +--------+--------+--------+--------+--------+-----+--------+

Top non-repeatable levels by time:
     D:2: 1165 daAuts
     D:1: 1056 daAuts
     D:4: 217 daAuts
     D:3: 92 daAuts
